 Dungeon Crawl Stone Soup version 0.31-a0-1467-g53b6572822 (webtiles) character file.

Game seed: 16074855486151535960

3726 mopl the Trooper (level 10, 0/77 HPs)
             Began as a Formicid Warper on Dec 28, 2023.
             Was a Believer of Cheibriados.
             Slain by a yak (1 damage)
             ... on level 8 of the Dungeon.
             The game lasted 00:11:42 (6680 turns).

mopl the Trooper (Formicid Warper)                  Turns: 6680, Time: 00:11:43

Health: 0/77       AC:  8    Str: 25    XL:     10   Next: 36%
Magic:  18/18      EV: 15    Int: 23    God:    Cheibriados [**....]
Gold:   81         SH: 14    Dex: 18    Spells: 19/19 levels left

rFire   . . .        v - +10 mace of Omimnin {heavy, rElec Str+5}
rCold   . . .        I - +0 tower shield
rNeg    . . .        f - +0 scale mail
rPois   .            (helmet unavailable)
rElec   +            (no cloak)
rCorr   .            (no gloves)
SInv    +            Q - +0 pair of boots
Will    +....        (no amulet) Stlth
                     e - +5 ring of evasion
HPRegen 0.32/turn    (no ring)
MPRegen 0.16/turn

%: no passive effects
@: very slow
A: permanent stasis, dig shafts and tunnels, antennae 3, four strong arms
a: Dig, Shaft Self, Renounce Religion, Bend Time


You were on level 8 of the Dungeon.
You worshipped Cheibriados.
Cheibriados was pleased with you.
You visited 2 branches of the dungeon, and saw 9 of its levels.
You also visited: Ossuary.

You collected 470 gold pieces.
You spent 389 gold pieces at shops.

Inventory:

Hand Weapons
 a - a +0 war axe
 b - a +2 whip of electrocution
 v - the +10 mace of Omimnin (weapon) {heavy, rElec Str+5}
   (You found it on level 4 of the Dungeon)

   Str+5:     It affects your strength (+5).
   rElec:     It insulates you from electricity.
 x - the +0 dagger "Aqaetraq" {spect, *Corrode Int+4 SInv Stlth+}
   (You found it on level 4 of the Dungeon)

   Int+4:     It affects your intelligence (+4).
   SInv:      It lets you see invisible.
   *Corrode:  It may corrode you when you take damage.
   Stlth+:    It makes you more stealthy.
 A - a +0 giant spiked club
 L - the +7 rapier of Foolhardiness {heavy, rPois Int+3}
   (You found it on level 7 of the Dungeon)

   Int+3:     It affects your intelligence (+3).
   rPois:     It protects you from poison
 M - a +2 halberd of freezing
Missiles
 c - 7 darts of dispersal
 p - 3 boomerangs (quivered)
 q - 5 throwing nets
 z - 10 poisoned darts
 K - a curare-tipped dart
 P - 5 javelins
Armour
 f - a +0 scale mail (worn)
 I - a +0 tower shield (worn)
 Q - a +0 pair of boots (worn)
Jewellery
 e - a +5 ring of evasion (left hand)
 s - a +6 ring of strength
Wands
 O - a wand of paralysis (12)
Scrolls
 d - 6 scrolls of blinking {unknown}
 g - 5 scrolls of enchant armour {unknown}
 h - 5 scrolls of noise
 j - 2 scrolls of torment {unknown}
 n - 3 scrolls of immolation {unknown}
 o - a scroll of vulnerability {unknown}
 r - 5 scrolls of teleportation
 u - 3 scrolls of amnesia
 y - a scroll of revelation {unknown}
 B - a scroll of fear {unknown}
 C - 2 scrolls of summoning {unknown}
 J - 2 scrolls of poison {unknown}
 N - a scroll of enchant weapon {unknown}
Potions
 i - 2 potions of attraction
 k - 2 potions of might
 l - a potion of berserk rage {!q}
 m - a potion of curing
 t - 4 potions of haste {unknown}
 w - 2 potions of invisibility
 D - 3 potions of mutation {!q}
 E - 2 potions of heal wounds
 F - 2 potions of resistance {unknown}
 G - 3 potions of ambrosia {unknown}
 H - a potion of cancellation {unknown}


   Skills:
 + Level 6.3 Fighting
 + Level 5.6 Axes
 - Level 0.2(3.4) Maces & Flails
 + Level 3.6 Throwing
 + Level 5.7 Armour
 + Level 5.0 Dodging
 + Level 3.9 Shields
 + Level 5.4 Spellcasting
 + Level 5.4 Translocations
 + Level 4.1 Invocations


You had 19 spell levels left.
You didn't know any spells.
Your spell library contained the following spells:

 Spells                   Type           Power      Damage    Failure   Level
 Lesser Beckoning         Tloc           62%        N/A       17%         2
 Gell's Gravitas          Tloc           31%        N/A       34%         3
 Teleport Other           Tloc           31%        N/A       34%         3
 Magic Dart               Conj           24%        1d4       71%         1
 Shock                    Conj/Air       24%        1d4       71%         1
 Manifold Assault         Tloc           31%        N/A       75%         4
 Searing Ray              Conj           12%        2d4       85%         2
 Fugue of the Fallen      Necr           6%         N/A       97%         3
 Ozocubu's Armour         Ice            6%         N/A       97%         3
 Airstrike                Air            3%         2d(1-17)  100%        4
 Fulminant Prism          Conj/Alch      3%         3d5       100%        4
 Arcjolt                  Conj/Air       3%         1d13      100%        5
 Plasma Beam              Fire/Air       3%         2x1d13    100%        6
 Blink                    Tloc           Unusable   N/A       N/A         2
 Swiftness                Air            Unusable   N/A       N/A         3
 Vhi's Electric Charge    Tloc/Air       Unusable   N/A       N/A         4

Dungeon Overview and Level Annotations

Branches:
Dungeon (8/15)             Temple (1/1) D:5         Ossuary (visited)
   Lair: D:8-11

Altars:
Ashenzari
Cheibriados
Dithmenos
Elyvilon
Fedhas
Gozag
Hepliaklqana
Kikubaaqudgha
Nemelex Xobeh
Okawaru
Qazlal
Ru
Sif Muna
Trog
Uskayaw
Vehumet
Wu Jian
Xom
Yredelemnul
Zin
The Shining One

Shops:
D:4 *:?**

Annotations:
D:8 1 runed translucent door


Innate Abilities, Weirdness & Mutations

You cannot be hasted, slowed, berserked, paralysed or teleported.
You can dig through walls and to a lower floor.
You have a pair of large antennae on your head. (SInv)
Your four strong arms can wield two-handed weapons with a shield.


Message History

You are too injured to fight recklessly!
You are too injured to fight recklessly!
You are too injured to fight recklessly!
You are too injured to fight recklessly!
You sock the yak!
You kill the yak!
Cheibriados appreciates the change of pace.
The yak gores you!
Your Dodging skill increases to level 5!
You sock the yak!
The yak is moderately wounded.
The yak closely misses you. The yak misses you.
You thump the yak!
The yak is severely wounded.
The yak gores you!
* * * LOW HITPOINT WARNING * * *
The yak gores you but does no damage.
You sock the yak!
The yak is almost dead.
You block the yak's attack. The yak closely misses you.
You hit the yak but do no damage.
The yak is almost dead.
The yak barely misses you. You block the yak's attack.
You sock the yak!
You kill the yak!
Cheibriados appreciates the change of pace.
You block the yak's attack.
You completely miss the yak. You block the yak's attack. The yak gores you.
* * * LOW HITPOINT WARNING * * *
You completely miss the yak. You block the yak's attack. The yak gores you.
* * * LOW HITPOINT WARNING * * *
You sock the yak!
The yak is lightly wounded.
You block the yak's attack. x2
You bludgeon the yak!!
The yak is heavily wounded.
The yak gores you!
* * * LOW HITPOINT WARNING * * *
The yak closely misses you. The yak gores you.
You die...

########################
#.)..............#.....#
.####)##############.#.###.#
................># #.#.# #.#
......#.########.#
#.#.###.##### ######.....#
#.# #.#...#.....#
...........# #.#
#.###.#####.# ######.....#
#@# #.....#...#.# #.....#
#Y# ########..#.# #.....#
#.# #....#<.#.## #.....# #.#
#.##.#.##... #.....# ... #.
#.#...### #.....# ...
#.##.......# ...
#........#.# #....
##..######.# ##...# #


You could see a yak.

Vanquished Creatures
  8 yaks
  A steam dragon (D:6)
  Duvessa (D:5)
  2 sky beasts (D:7)
  A black bear (D:5)
  An ice beast (D:8)
  2 ogres (D:5)
  2 centaurs
  2 kobold brigands
  2 weeping skulls (Ossuary)
  A bullfrog (D:6)
  A scorpion (D:4)
  Dowan (D:5)
  A howler monkey (D:4)
  A bombardier beetle (D:3)
  A human zombie (Ossuary)
  6 hounds
  2 orc priests
  3 gnoll boudas
  3 jellies
  4 iguanas
  A sleepcap (D:5)
  7 orc wizards
  4 mummies (Ossuary)
  5 adders
  18 gnolls
  2 ufetubi (D:5)
  A dart slug (D:5)
  23 orcs
  10 ball pythons
  2 bats
  11 endoplasms
  3 giant cockroaches
  2 gnoll zombies (Ossuary)
  8 goblins
  6 hobgoblins
  14 jackals
  A quokka (D:3)
  A frilled lizard (D:1)
  18 kobolds
  2 kobold zombies (Ossuary)
  3 orc zombies (Ossuary)
  A rat (D:2)
189 creatures vanquished.

Notes
Turn   | Place    | Note
-------+----------+-------------------------------------------
     0 | D:1      | mopl the Formicid Warper began the quest for the Orb.
     0 | D:1      | Reached XP level 1. HP: 16/16 MP: 3/3
   260 | D:1      | Reached XP level 2. HP: 23/23 MP: 5/5
   377 | D:1      | Reached skill level 2 in Dodging
   527 | D:1      | Reached XP level 3. HP: 24/28 MP: 6/6
   823 | D:1      | Reached skill level 3 in Translocations
   921 | D:2      | Reached XP level 4. HP: 34/34 MP: 7/7
  1097 | D:2      | Found a shimmering blue altar of Sif Muna.
  1293 | D:3      | Found a faded altar of an unknown god.
  1300 | D:3      | Reached skill level 2 in Armour
  1456 | D:3      | Reached skill level 3 in Fighting
  1456 | D:3      | Reached XP level 5. HP: 22/40 MP: 7/9
  1849 | D:3      | Reached XP level 6. HP: 47/47 MP: 10/10
  1867 | D:3      | Reached skill level 3 in Axes
  2132 | D:4      | Reached skill level 3 in Spellcasting
  2515 | D:3      | Reached skill level 3 in Armour
  2552 | D:4      | Identified the +10 mace of Omimnin {heavy, rElec Str+5}
  2587 | D:4      | Found Qydagel's Book Boutique.
  2601 | D:4      | Found Voxyseap's General Store.
  2606 | D:4      | Reached skill level 3 in Dodging
  2630 | D:4      | Bought a potion of invisibility for 112 gold pieces
  2719 | D:4      | Reached XP level 7. HP: 53/53 MP: 11/11
  2740 | D:4      | Identified the +0 dagger "Aqaetraq" {spect, *Corrode Int+4
                  | SInv Stlth+}
  2748 | D:4      | Found Liorriwe's Assorted Antiques.
  2770 | D:4      | Found Sauckig's Magic Scroll Emporium.
  2779 | D:4      | Bought a scroll of identify for 26 gold pieces
  2892 | D:4      | Found Keosom's Assorted Antiques.
  2899 | D:4      | Bought a scroll labelled BAMNIPTIHO for 24 gold pieces
  2949 | D:4      | Found a stormy altar of Qazlal.
  3325 | D:5      | Entered Level 5 of the Dungeon
  3328 | D:5      | Reached skill level 4 in Fighting
  3335 | D:5      | Noticed Duvessa
  3338 | D:5      | Noticed Dowan
  3343 | D:5      | Killed Duvessa
  3348 | D:5      | Killed Dowan
  3349 | D:5      | Reached skill level 4 in Translocations
  3390 | D:4      | Bought a coppery potion for 20 gold pieces
  3409 | D:4      | Reached XP level 8. HP: 31/61 MP: 13/13
  3482 | D:5      | Reached skill level 4 in Axes
  3512 | D:5      | Found a staircase to the Ecumenical Temple.
  3526 | D:5      | Reached skill level 4 in Armour
  3526 | D:5      | Reached skill level 4 in Spellcasting
  3535 | Temple   | Entered the Ecumenical Temple
  3559 | Temple   | Became a worshipper of Cheibriados the Contemplative
  3604 | D:5      | Found a sand-covered staircase.
  3616 | Ossuary  | Entered an ossuary
  3660 | Ossuary  | Reached skill level 1 in Invocations
  3933 | D:5      | Reached skill level 4 in Dodging
  4000 | D:5      | Reached skill level 5 in Fighting
  4021 | D:5      | Reached skill level 2 in Throwing
  4021 | D:5      | Reached XP level 9. HP: 37/68 MP: 15/15
  4445 | D:5      | Found a hide-covered altar of Uskayaw.
  4650 | D:6      | Reached skill level 2 in Invocations
  4698 | D:6      | You fall into a shaft and drop 2 floors!
  4820 | D:7      | Reached skill level 1 in Shields
  4842 | D:7      | Reached * piety under Cheibriados
  4881 | D:6      | You fall into a shaft and drop 2 floors!
  4886 | D:8      | Found an iron altar of Okawaru.
  4886 | D:8      | Found a runed translucent door.
  4891 | D:8      | Noticed a gargoyle
  4891 | D:8      | Found the +0 toga "Victory" {*Victory Clar}
  5055 | D:7      | Identified the +7 rapier of Foolhardiness {heavy, rPois
                  | Int+3}
  5192 | D:7      | Reached skill level 2 in Shields
  5198 | D:7      | Reached skill level 5 in Armour
  5312 | D:4      | Bought 3 scrolls labelled EHOGOI NOAT for 69 gold pieces
  5312 | D:4      | Bought a scroll labelled LATHRI RASKITEK for 23 gold pieces
  5374 | D:4      | Bought a scroll labelled OVAAW OHIN for 24 gold pieces
  5424 | D:4      | Bought a scroll of teleportation for 39 gold pieces
  5424 | D:4      | Bought a scroll of amnesia for 52 gold pieces
  5491 | D:6      | Reached skill level 5 in Axes
  5504 | D:6      | Reached ** piety under Cheibriados
  5639 | D:6      | Reached skill level 5 in Translocations
  5639 | D:6      | Reached skill level 3 in Invocations
  5641 | D:6      | Reached skill level 5 in Spellcasting
  5644 | D:6      | Reached skill level 3 in Throwing
  5748 | D:6      | Found a blossoming altar of Fedhas.
  5750 | D:6      | Found an ornate altar of the Wu Jian Council.
  5754 | D:6      | Found a white marble altar of Elyvilon.
  5754 | D:6      | Found a radiant altar of Vehumet.
  5758 | D:6      | Found a shimmering blue altar of Sif Muna.
  5911 | D:6      | Reached skill level 3 in Shields
  5911 | D:6      | Reached XP level 10. HP: 76/76 MP: 17/17
  6042 | D:6      | Found a glowing silver altar of Zin.
  6042 | D:6      | Found an opulent altar of Gozag.
  6549 | D:7      | Reached skill level 6 in Fighting
  6668 | D:8      | Reached skill level 4 in Invocations
  6672 | D:8      | Reached skill level 5 in Dodging
  6680 | D:8      | HP: 1/77 [yak (14)]
  6680 | D:8      | Slain by a yak

Illustrated notes

Levels and vault maps discovered:
D:1:      lemuel_arrival_funnel, layout_loops_ring
D:2:      layout_rooms, basic_altar
D:3:      layout_loops_ring, nicolae_ecumenical_pavilion,
          kennysheep_generic_room_2
D:4:      layout_rooms, nicolae_qazlal_eye_of_the_storm, serial_shops, shop,
          shop, nicolae_take_the_stairs, nicolae_square_shop,
          nicolae_shop_rolling_square
D:5:      layout_cave_pools, nicolae_uskayaw_suspiria,
          minmay_temple_entry_ruins, enter_ossuary_1, serial_library,
          serial_library_regret_index_small_wings,
          serial_library_hellmonk_secret_room, serial_library_hellmonk_u_bend,
          serial_library_hellmonk_small_corner, serial_library_hellmonk_h_bend,
          serial_library_hellmonk_u_bend, serial_library_hellmonk_layered_room,
          serial_library_hellmonk_layered_room,
          serial_library_hellmonk_big_corner, uniq_duvessa
D:6:      layout_basic, grunt_temple_overflow_gold_and_silver, minitemple
D:7:      layout_rooms
D:8:      layout_basic, nicolae_overflow_guarded_unrand_okawaru_victory,
          serial_shops, shop, minmay_strange_pillars
Temple:   minmay_temple_curvy_loop

Skill      XL: |  1  2  3  4  5  6  7  8  9 10 |
---------------+-------------------------------+-----
Dodging        | 2 3 4 5 |  5.0
Translocations | 3 4 5 |  5.4
Armour         | 2 3 4 5 |  5.7
Fighting       | 3 4 5 6 |  6.3
Axes           | 3 4 5 |  5.6
Spellcasting   | 3 4 5 |  5.4
Invocations    | 1 3 4 |  4.1
Throwing       | 2 3 |  3.6
Shields        | 3 |  3.9
Maces & Flails | |  0.2

Action                     |  1- 3 |  4- 6 |  7- 9 | 10-12 || total
---------------------------+-------+-------+-------+-------++-------
  Melee: Hand axe          |     8 |       |       |       ||     8
         Whip              |   101 |   150 |       |       ||   251
         Punch             |       |     4 |     3 |       ||     7
         Mace              |       |    11 |   213 |    43 ||   267
Ability: Dig               |       |     1 |     1 |       ||     2
         Shaft Self        |       |       |     2 |       ||     2
    Use: Scroll            |       |       |     4 |     1 ||     5
 Armour: Scale mail        |    49 |    93 |   146 |    29 ||   317
  Dodge: Dodged            |   103 |   140 |   230 |    18 ||   491
  Block: Tower shield      |       |       |   115 |    44 ||   159

Table legend: (Time is in decaauts)
 A = Elapsed time spent in this place.
 B = Non-inter-level travel time spent in this place.
 C = Inter-level travel time spent in this place.
 D = Time resting spent in this place.
 E = Time spent auto-exploring this place.
 F = Levels seen in this place.
 G = Mean time per level.
                   A        B        C        D        E       F      G
               +--------+--------+--------+--------+--------+-----+--------+
         Total |   7895 |   7282 |    613 |   1002 |   4207 |  10 |  789.5 |
       Dungeon |   7476 |   6890 |    586 |    969 |   4092 |   8 |  934.5 |
        Temple |     53 |     26 |     27 |      0 |      0 |   1 |   53.0 |
       Ossuary |    366 |    366 |      0 |     33 |    115 |   1 |  366.0 |
               +--------+--------+--------+--------+--------+-----+--------+

Top non-repeatable levels by time:
     D:3: 1338 daAuts
     D:6: 1260 daAuts
     D:5: 1222 daAuts
     D:7: 1029 daAuts
     D:4: 972 daAuts
     D:1: 836 daAuts
     D:2: 461 daAuts
 Ossuary: 366 daAuts
     D:8: 354 daAuts
  Temple: 53 daAuts
